 Dungeon Crawl Stone Soup version 0.23.2-40-g277498a001 (webtiles) character file.

Game seed: 16366479582705513269

11482 Iskender the Brawler (level 11, -1/101 HPs)
             Began as a Ghoul Chaos Knight on Oct 10, 2019.
             Was a Plaything of Xom.
             Slain by an orc warrior
             ... wielding a +0 trident
              (5 damage)
             ... on level 10 of the Dungeon.
             The game lasted 01:14:20 (10377 turns).

Iskender the Brawler (Ghoul Chaos Knight)          Turns: 10377, Time: 01:14:21

Health: -1/101     AC: 15    Str: 23    XL:     11   Next: 78%
Magic:  10/10      EV:  8    Int:  7    God:    Xom [.*....]
Gold:   486        SH:  0    Dex: 10    Spells: 10/10 levels left

rFire    . . .     SeeInvis .     - Unarmed
rCold    + + +     Gourm    .   (no shield)
rNeg     + + +     Faith    .   E - +1 chain mail {rC+}
rPois    ∞         Spirit   .   N - +0 helmet
rElec    .         Reflect  .   W - +0 cloak {MR+}
rCorr    .         Harm     .   M - +0 pair of gloves
MR       +....                  m - +2 pair of boots
Stlth    ..........             i - amulet of regeneration
HPRegen  0.00/turn              D - +3 ring of strength
MPRegen  0.12/turn              K - ring "Fygef" {rC++ Str+2}

@: rotting
A: rotting body, claws 1, carnivore, cold resistance 1, negative energy
resistance 3, inhibited regeneration, torment resistance, unbreathing
a: Renounce Religion


You were on level 10 of the Dungeon.
You worshipped Xom.
You were a plaything of Xom.
You were not hungry.

You visited 2 branches of the dungeon, and saw 11 of its levels.
You also visited: Sewer.

You collected 1206 gold pieces.
You spent 720 gold pieces at shops.

Inventory:

Hand Weapons
 b - the +6 fustibalus of Jonnako {flame, MP-9 Int+9}
   (You found it on level 8 of the Dungeon)

   It causes projectiles fired from it to burn those they strike, causing extra
   injury to most foes and up to half again as much damage against particularly
   susceptible opponents.
   It affects your intelligence (+9).
   It affects your magic capacity (-9).
 s - a +0 club
 v - a +0 blowgun
 A - the +7 mace "Tial" {crush, rC+ rN+ SInv}
   (You took it off an orc on level 5 of the Dungeon)

   It inflicts extra damage upon your enemies.
   It protects you from cold.
   It protects you from negative energy.
   It lets you see invisible.
Missiles
 f - 64 poisoned needles
 g - 87 stones
 F - 3 javelins (quivered)
 H - 6 curare-tipped needles
 J - 6 needles of frenzy
 U - 21 sling bullets
Armour
 a - a +2 leather armour
 m - a +2 pair of boots (worn)
 E - a +1 chain mail of cold resistance (worn)
 M - a +0 pair of gloves (worn)
 N - a +0 helmet (worn)
 W - a +0 cloak of magic resistance (worn)
Jewellery
 c - an uncursed ring of ice
 i - an amulet of regeneration (around neck)
 w - an uncursed ring of wizardry
 D - a +3 ring of strength (left hand)
 K - the ring "Fygef" (right hand) {rC++ Str+2}
   (You found it on level 8 of the Dungeon)

   [ring of strength]

   It affects your strength (+2).
   It greatly protects you from cold.
Wands
 C - a wand of random effects (2)
 I - a wand of disintegration (5)
 O - a wand of digging (3)
 P - a wand of flame (12)
 V - a wand of polymorph (11)
Scrolls
 j - a scroll of enchant weapon
 n - 4 scrolls of amnesia
 o - a scroll of blinking
 q - a scroll of holy word {unknown}
 t - 2 scrolls of fog
 u - a scroll of immolation
 x - 4 scrolls of teleportation
 y - 2 scrolls of fear
 z - 2 scrolls of summoning
 B - a scroll of identify
 Q - 3 scrolls of remove curse
 R - 2 scrolls of enchant armour
 S - a scroll of magic mapping
Potions
 d - 8 potions of flight
 e - 5 potions of curing
 h - 2 potions of magic
 k - 2 potions of agility
 p - 3 potions of might
 G - 2 potions of haste
 L - a potion of brilliance
 T - 2 potions of heal wounds
 X - a potion of invisibility
Comestibles
 l - 7 chunks of flesh
 r - 17 rations


   Skills:
 - Level 10.7 Fighting
 - Level 1.7 Armour
 - Level 0.8 Dodging
 + Level 16.4 Unarmed Combat


You had 10 spell levels left.
You didn't know any spells.
Your spell library contained the following spells:

 Spells                   Type           Power        Failure   Level  Hunger
 Corona                   Hex            #......      99%         1    ##.....
 Slow                     Hex            #.......     99%         2    ###....
 Inner Flame              Hex/Fire       #.......     100%        3    ####...
 Portal Projectile        Hex/Tloc       #.....       100%        3    ####...
 Cause Fear               Hex            #.........   100%        4    #####..
 Leda's Liquefaction      Hex/Erth       #.........   100%        4    #####..


Dungeon Overview and Level Annotations

Branches:
Dungeon (10/15)            Temple (1/1) D:7            Lair (0/6) D:8
    Orc (0/2) D:9

Altars:
Ashenzari
Cheibriados
Dithmenos
Elyvilon
Fedhas
Gozag
Hepliaklqana
Kikubaaqudgha
Makhleb
Nemelex Xobeh
Okawaru
Qazlal
Ru
Sif Muna
Trog
Uskayaw
Vehumet
Wu Jian
Xom
Yredelemnul
Zin
The Shining One

Shops:
D:4 *   D:6 [![(   D:7 *!!**   D:8 (

Annotations:
D:7 3 runed translucent doors, appiemonkey's ghost, novice MiGl; grerr's ghost, novice OpVM; redmage's ghost, novice DEEE
D:10 3 runed translucent doors, slayr's ghost, novice CeHu


Innate Abilities, Weirdness & Mutations

Your body is rotting away.
You thrive on raw meat.
You are immune to poison.
You have sharp fingernails.
You are carnivorous and can eat meat at any time.
Your flesh is cold resistant. (rC+)
You are immune to negative energy. (rN+++)
You do not regenerate when monsters are visible.
You are immune to unholy pain and torment.
You can survive without breathing.


Message History

You punch the two-headed ogre!
The two-headed ogre is almost dead.
The orc warrior hits you from afar with a +0 trident!
The two-headed ogre barely misses you.
The two-headed ogre hits you with a +0 giant club!
* * * LOW HITPOINT WARNING * * *
Eat one of 8 chunks of flesh? (ye/n/q)
You eat one of the 8 chunks of flesh.
This raw flesh tastes great!
The orc warrior hits you from afar with a +0 trident!
* * * LOW HITPOINT WARNING * * *
Your chain mail prevents you from hitting the two-headed ogre.
The two-headed ogre is almost dead.
The two-headed ogre hits you with a +0 giant club!
* * * LOW HITPOINT WARNING * * *
The two-headed ogre hits you with a +0 giant club.
* * * LOW HITPOINT WARNING * * *
You punch the two-headed ogre!
You kill the two-headed ogre!
The orc warrior hits you from afar with a +0 trident.
You die...

.#########..###(..........
## .....##...##...#####...
........!.##...# .
.....##..###...#...# ..
.... #..# #...#...#... ...
######...#...#'#### .
#.......#.8........
#...÷...#......8...
#...).@.#.........
#...###)#..?....###
#...#..o....%...'..
#...#....8......#
#...#...÷.....8.#
#..(#######'#...#
#...((.(....# ..#
#....)......# .#
#...........# #


You could see an orc warrior.

Vanquished Creatures
  4 two-headed ogres
  A deep elf mage (D:10)
  Maurice (D:9)
  3 centaur skeletons (D:9)
  2 hellwings (D:9)
  A troll (D:9)
  A hornet (D:7)
  Sigmund (D:2)
  A hippogriff (D:7)
  A spriggan (D:7)
  2 yaks
  A steam dragon (D:9)
  Menkaure (D:4)
  4 sky beasts
  5 porcupines (D:8)
  A swamp drake (D:8)
  An ice beast (D:6)
  6 orc warriors
  4 phantoms
  2 ogres
  4 centaurs
  A crocodile (D:8)
  A big kobold (D:7)
  3 bullfrogs
  A wyvern skeleton (D:9)
  8 scorpions
  7 killer bees
  3 howler monkeys
  4 crimson imps
  2 centaur zombies
  3 hounds
  3 jellies
  4 bullfrog skeletons
  8 orc priests
  8 orc wizards
  Natasha (thrice) (D:4)
  Terence (D:2)
  5 iguanas
  7 worker ants
  A merfolk siren (Sewer)
  A merfolk avatar (Sewer)
  A killer bee zombie (D:6)
  A hound zombie (D:5)
  A worker ant zombie (D:6)
  6 gnolls
  15 adders
  4 river rats
  4 shadow imps
  4 adder skeletons
  2 worms
  A dart slug (D:3)
  7 leopard geckos
  40 orcs
  12 bats
  8 giant cockroaches
  13 goblins
  6 hobgoblins
  10 jackals
  2 quokkas
  3 ball pythons
  9 frilled lizards
  15 kobolds
  A quokka zombie (D:7)
  35 rats
  6 fungi
  2 plants (D:8)
329 creatures vanquished.

Vanquished Creatures (collateral kills)
  A phantom (D:8)
  Crazy Yiuf (D:2)
  An adder (D:8)
  An orc (D:8)
4 creatures vanquished.

Vanquished Creatures (others)
  2 centaur zombies (D:9)
  A meliai zombie (D:9)
  A shadow imp (D:9)
  3 jackals (D:9)
  A quokka (D:8)
  18 fungi
  10 plants
36 creatures vanquished.

Grand Total: 369 creatures vanquished

Notes
Turn   | Place    | Note
-------+----------+-------------------------------------------
     0 | D:1      | Iskender the Ghoul Chaos Knight began the quest for the
                  | Orb.
     0 | D:1      | Reached XP level 1. HP: 19/19 MP: 0/0
   220 | D:1      | Reached XP level 2. HP: 26/26 MP: 1/1
   268 | D:1      | Reached skill level 4 in Unarmed Combat
   587 | D:1      | Reached XP level 3. HP: 31/31 MP: 2/2
   985 | D:2      | XOM: harmless Necr miscast
  1101 | D:2      | Noticed Terence
  1101 | D:2      | XOM: summons friendly shadow imp
  1115 | D:2      | Killed Terence
  1115 | D:2      | Reached skill level 5 in Unarmed Combat
  1115 | D:2      | Reached XP level 4. HP: 32/38 MP: 3/3
  1201 | D:2      | Found a bloodstained altar of Trog.
  1293 | D:2      | Noticed Sigmund
  1434 | D:2      | Reached skill level 6 in Unarmed Combat
  1544 | D:2      | XOM: butterfly on damage
  1665 | D:2      | Found a runed translucent door.
  1666 | D:2      | Noticed Crazy Yiuf
  1674 | D:2      | Killed Crazy Yiuf
  1674 | D:2      | Reached XP level 5. HP: 13/45 MP: 4/4
  2184 | D:3      | XOM: god gift: scroll labeled DIFOMILAING {god gift}
  2593 | D:3      | XOM: god gift: potion of mutation
  2620 | D:4      | Noticed Natasha
  2628 | D:4      | Killed Natasha
  2676 | D:4      | XOM: cloud trail
  2682 | D:4      | XOM: 4-stop teleportation journey
  2714 | D:4      | Reached skill level 7 in Unarmed Combat
  2714 | D:4      | Reached XP level 6. HP: 51/51 MP: 5/5
  2732 | D:4      | Noticed Menkaure
  2795 | D:4      | You fall through a shaft!
  2795 | D:5      | Entered Level 5 of the Dungeon
  2799 | D:5      | Noticed a phantom
  2805 | D:5      | XOM: medium Ice miscast
  2902 | D:5      | XOM: harmless Tloc miscast
  2918 | D:5      | Killed a phantom
  2918 | D:5      | Reached skill level 8 in Unarmed Combat
  2918 | D:5      | Reached XP level 7. HP: 57/57 MP: 6/6
  2953 | D:5      | Identified the +7 mace "Tial" {crush, rC+ rN+ SInv}
  3018 | D:5      | XOM: potion effect (might)
  3018 | D:5      | XOM: smoke on damage
  3025 | D:5      | XOM: god gift: 450 gold pieces
  3058 | D:5      | XOM: mild Tloc miscast
  3102 | D:4      | Found Gualuh's Assorted Antiques.
  3118 | D:4      | Bought a scroll labeled JIALLI UMUHEMU for 32 gold pieces
  3118 | D:4      | Bought a fuming green potion for 28 gold pieces
  3226 | D:4      | Found a shimmering altar of Xom.
  3230 | D:4      | Noticed Natasha
  3233 | D:4      | Reached skill level 9 in Unarmed Combat
  3237 | D:4      | XOM: enchant monster (bad)
  3244 | D:4      | XOM: potion effect (might)
  3248 | D:4      | Killed Natasha
  3305 | D:4      | Noticed Natasha
  3313 | D:4      | Killed Natasha
  3471 | D:4      | XOM: harmless Fire miscast
  3524 | D:4      | Found a sparkling altar of Nemelex Xobeh.
  3605 | D:4      | Found a hide-covered altar of Uskayaw.
  3605 | D:4      | Found a blossoming altar of Fedhas.
  3607 | D:4      | Found an opulent altar of Gozag.
  3610 | D:4      | Found a stormy altar of Qazlal.
  3819 | D:5      | XOM: harmless Tloc miscast
  3873 | D:5      | Found a white marble altar of Elyvilon.
  3912 | D:5      | Reached skill level 10 in Unarmed Combat
  3945 | D:5      | Found a shadowy altar of Dithmenos.
  3977 | D:5      | Reached XP level 8. HP: 63/63 MP: 7/7
  4046 | D:5      | XOM: mild Tloc miscast
  4124 | D:5      | XOM: cloud trail
  4261 | D:5      | Found a snail-covered altar of Cheibriados.
  4390 | D:5      | XOM is BORED!
  4390 | D:5      | XOM: mild Fire miscast
  4527 | D:6      | Reached skill level 11 in Unarmed Combat
  4539 | D:6      | XOM: noise
  4581 | D:6      | XOM: noise
  4597 | D:6      | Found Erilor's Weapon Emporium.
  4613 | D:6      | Bought 6 curare-tipped needles for 43 gold pieces
  4615 | D:6      | Found Agotez's Armour Shop.
  4672 | D:6      | XOM: 2-stop teleportation journey
  4712 | D:6      | Found a glowing drain.
  4732 | Sewer    | Entered a sewer
  4755 | Sewer    | XOM: mild Hex miscast
  5057 | Sewer    | XOM: 3-stop teleportation journey
  5247 | D:6      | Reached skill level 12 in Unarmed Combat
  5269 | D:6      | Found Huddost's Armour Emporium.
  5276 | D:6      | Bought a +0 helmet for 54 gold pieces
  5294 | D:6      | XOM: summons 4 hostile demons
  5359 | D:6      | Reached XP level 9. HP: 65/71 MP: 8/8
  5382 | D:6      | XOM: harmless Fire miscast
  5411 | D:6      | Found Rextuoh's Distillery.
  5415 | D:6      | Bought a potion of curing for 36 gold pieces
  5718 | D:7      | Found Becutsa's Distillery.
  5731 | D:7      | Reached skill level 5 in Fighting
  5739 | D:7      | Bought a potion of heal wounds for 60 gold pieces
  5739 | D:7      | Bought a potion of might for 48 gold pieces
  5820 | D:7      | Found Neajyl's Distillery.
  5824 | D:7      | XOM: medium Fire miscast
  5833 | D:7      | Bought 2 potions of haste for 280 gold pieces
  5833 | D:7      | Bought a potion of degeneration for 14 gold pieces
  5849 | D:7      | XOM: scenery: 1 doors open
  5853 | D:7      | XOM: god gift: 42 gold pieces
  5932 | D:7      | Found a staircase to the Ecumenical Temple.
  5941 | Temple   | Entered the Ecumenical Temple
  6103 | D:7      | Found a runed translucent gate.
  6103 | D:7      | Found a runed translucent gate.
  6103 | D:7      | Found a runed translucent gate.
  6105 | D:7      | Noticed appiemonkey's ghost (novice MiGl)
  6105 | D:7      | Noticed grerr's ghost (novice OpVM)
  6105 | D:7      | Noticed redmage's ghost (novice DEEE)
  6152 | D:7      | Found Estrest's Assorted Antiques.
  6152 | D:7      | XOM: 10-stop teleportation journey
  6180 | D:7      | Found Osoawy's General Store.
  6188 | D:7      | Bought a scroll of remove curse for 45 gold pieces
  6260 | D:7      | XOM: mild Pois miscast
  6367 | D:7      | Bought a scroll labeled LUWNARRU NILE for 25 gold pieces
  6367 | D:7      | Bought a scroll labeled XOKIQI KU ZACA for 25 gold pieces
  6368 | D:7      | Found Pueb's General Store.
  6485 | D:7      | XOM: enchant monster (bad)
  6599 | D:7      | XOM: confusion
  6600 | D:7      | XOM: summons 4 hostile demons
  6601 | D:7      | Noticed a smoke demon
  6604 | D:7      | XOM: swap monsters
  6606 | D:7      | XOM: cast spell 'Summon Small Mammal'
  6630 | D:7      | XOM: cloud trail
  6753 | D:8      | Noticed a two-headed ogre
  6761 | D:7      | XOM: cloud trail
  6850 | D:8      | Noticed a hornet
  6861 | D:8      | XOM: cleaving
  6871 | D:7      | Killed a hornet
  6903 | D:7      | Bought a scroll of identify for 30 gold pieces
  6912 | D:8      | XOM: enchant monster (bad)
  6931 | D:8      | Got a warped turquoise ring
  6933 | D:8      | Identified the ring "Fygef" {rC++ Str+2} (You found it on
                  | level 8 of the Dungeon)
  6941 | D:8      | XOM: confusion (+ monsters)
  6955 | D:8      | XOM: divination: detect creatures
  7014 | D:8      | Found a glowing silver altar of Zin.
  7021 | D:8      | XOM: polymorph black bear -> swamp drake
  7084 | D:8      | Noticed a two-headed ogre
  7094 | D:8      | XOM: summons 9 friendly demons
  7098 | D:8      | Killed a two-headed ogre
  7098 | D:8      | Reached skill level 10 in Fighting
  7098 | D:8      | Reached XP level 10. HP: 85/94 MP: 9/9
  7122 | D:8      | XOM: summons 2 friendly demons
  7184 | D:8      | XOM: stat loss: -1 Str (22/23)
  7215 | D:8      | Found a staircase to the Lair.
  7226 | D:8      | XOM: cleaving
  7311 | D:8      | Found Syuheno's Weapon Emporium.
  7333 | D:8      | XOM: enchant monster (bad)
  7343 | D:8      | Killed a two-headed ogre
  7343 | D:8      | Reached skill level 13 in Unarmed Combat
  7399 | D:8      | Noticed a two-headed ogre
  7409 | D:8      | Killed a two-headed ogre
  7421 | D:8      | Got a brightly glowing fustibalus
  7422 | D:8      | Identified the +6 fustibalus of Jonnako {flame, MP-9 Int+9}
                  | (You found it on level 8 of the Dungeon)
  7513 | D:6      | XOM: harmless Summ miscast
  7532 | D:6      | XOM: god gift: scale mail {god gift}
  7867 | D:4      | Killed Menkaure
  7867 | D:4      | Reached skill level 14 in Unarmed Combat
  7942 | D:2      | XOM: medium Pois miscast
  8079 | D:2      | Killed Sigmund
  8274 | D:8      | Found a white marble altar of Elyvilon.
  8298 | D:8      | XOM: mild Air miscast
  8424 | D:8      | Reached XP level 11. HP: 98/100 MP: 10/10
  8439 | D:8      | XOM: noise
  8465 | D:9      | XOM: confuse monster(s)
  8471 | D:9      | XOM: enchant monster (good)
  8541 | D:9      | XOM: enchant monster (bad)
  8554 | D:9      | Noticed Maurice
  8555 | D:9      | XOM: potion effect (haste)
  8575 | D:9      | XOM: noise
  8577 | D:9      | XOM: destruction
  8764 | D:9      | XOM: cleaving
  8777 | D:9      | XOM: blink monster(s)
  8779 | D:9      | Found an ornate altar of the Wu Jian Council.
  8785 | D:9      | XOM: cast spell 'Summon Small Mammal'
  8870 | D:9      | Reached skill level 15 in Unarmed Combat
  8885 | D:9      | XOM: potion effect (brilliance)
  8994 | D:9      | Found a staircase to the Orcish Mines.
  9014 | D:9      | XOM: confusion (+ monsters)
  9399 | D:9      | Found a radiant altar of Vehumet.
  9418 | D:9      | Killed Maurice
  9716 | D:9      | XOM: summons 4 hostile shadow creatures
  9906 | D:10     | Entered Level 10 of the Dungeon
 10029 | D:10     | Found a runed translucent gate.
 10030 | D:10     | Found a runed translucent gate.
 10031 | D:10     | Found a runed translucent gate.
 10034 | D:10     | Noticed slayr's ghost (novice CeHu)
 10035 | D:10     | Identified the cursed +1 whip of Junejun {venom, rC+}
 10123 | D:10     | Noticed a deep elf mage
 10129 | D:10     | Killed a deep elf mage
 10129 | D:10     | Reached skill level 16 in Unarmed Combat
 10248 | D:10     | XOM: harmless Fire miscast
 10276 | D:10     | XOM: mild Air miscast
 10359 | D:10     | Noticed a two-headed ogre
 10368 | D:10     | XOM: harmless Air miscast
 10376 | D:10     | HP: 4/101 [two-headed ogre/+0 giant club (6)]
 10377 | D:10     | Killed a two-headed ogre
 10377 | D:10     | Slain by an orc warrior

Skill      XL: |  1  2  3  4  5  6  7  8  9 10 11 |
---------------+----------------------------------+-----
Unarmed Combat | 4 5 6 7 8 10 12 14 16 | 16.4
Fighting       | 4 10 | 10.7
Armour         | |  1.7
Dodging        | |  0.8

Action                   |  1- 3 |  4- 6 |  7- 9 | 10-12 || total
-------------------------+-------+-------+-------+-------++-------
Melee: Unarmed           |   106 |   205 |   457 |   320 ||  1088
       Punch             |     1 |     3 |    12 |    12 ||    28
 Fire: Blowgun           |       |       |     6 |     5 ||    11
       Fustibalus        |       |       |       |    11 ||    11
Throw: Tomahawk          |       |       |     8 |       ||     8
Evoke: Wand              |       |       |    20 |     8 ||    28
  Use: Scroll            |       |    11 |    11 |     3 ||    25
       Potion            |       |       |     2 |       ||     2
 Stab: Paralysed         |       |       |       |     2 ||     2
  Eat: Chunk             |     5 |    29 |    35 |    51 ||   120
Armor: Leather armour    |    47 |    45 |    28 |       ||   120
       Chain mail        |       |       |   157 |   161 ||   318
Dodge: Dodged            |    59 |    76 |   152 |   107 ||   394
